 Dungeon Crawl Stone Soup version 0.31-a0-1625-g1a3bd5d (webtiles) character file.

Game seed: 4867460230364879843

310 PidgeyThePirate the Cutter (level 6, -6/35 (48) HPs)
             Began as a Demonspawn Monk on Jan 11, 2024.
             Mangled by a wight
             ... wielding a +0 flail
              (8 damage)
             ... on level 3 of the Dungeon.
             The game lasted 00:07:20 (3370 turns).

PidgeyThePirate the Cutter (Demonspawn Monk)        Turns: 3370, Time: 00:07:21

HP:   -6/35 (48)    AC: 11    Str: 13    XL:     6   Next: 18%
MP:   7/7           EV: 12    Int: 11    God:
Gold: 255           SH:  4    Dex: 15    Spells: 5/5 levels left

rFire   . . .        a - +0 short sword
rCold   . . .        d - orb {light}
rNeg    . . .        k - +0 ring mail
rPois   .            (no helmet)
rElec   .            (no cloak)
rCorr   .            j - +0 pair of gloves
SInv    .            (no boots)
Will    .....        (no amulet)
Stlth   +            (no ring)
HPRegen 0.25/turn    (no ring)
MPRegen 0.10/turn

%: no passive effects
@: brilliant, weak-willed, glowing, very heavily drained
A: icemail 1, sharp scales 1, condensation shield, demonic magic 1,
strong-willed 1, mutation resistance 1
a: no special abilities


You were on level 3 of the Dungeon.
You visited 1 branch of the dungeon, and saw 4 of its levels.
You also visited: Sewer.

You collected 255 gold pieces.

Inventory:

Hand Weapons
 a - a +0 short sword (weapon)
 f - a +2 dagger of holy wrath
Armour
 b - a +0 robe
 d - an orb of light (worn)
 j - a +0 pair of gloves (worn)
 k - a +0 ring mail (worn)
Scrolls
 c - a scroll of blinking
 m - 2 scrolls of revelation
 r - a scroll of fear
 s - a scroll of fog


   Skills:
 + Level 3.7 Fighting
 * Level 4.5 Short Blades
 + Level 2.0 Armour
 + Level 3.7 Dodging
 * Level 2.1 Invocations


You had 5 spell levels left.
You didn't know any spells.
Your spell library contained the following spells:

 Spells                   Type           Power      Damage    Failure   Level
 Necrotise                Necr           0%         1d4       58%         1
 Summon Small Mammal      Summ           0%         N/A       58%         1
 Call Canine Familiar     Summ           0%         N/A       92%         3
 Vampiric Draining        Necr           0%         2d6       92%         3
 Martyr's Knell           Necr/Summ      0%         N/A       100%        4
 Summon Blazeheart Golem  Fire/Summ      0%         N/A       100%        4
 Curse of Agony           Necr           0%         N/A       100%        5
 Chain Lightning          Conj/Air       0%         N/A       100%        9
 Fire Storm               Conj/Fire      0%         5d1       100%        9
 Shatter                  Erth           0%         3d5*      100%        9


Dungeon Overview and Level Annotations

Branches:
Dungeon (4/15)              Sewer (visited)
 Temple: D:4-7

Altars:


Innate Abilities, Weirdness & Mutations

A meltable icy envelope protects you from harm. (AC +4)
You are partially covered in razor-sharp scales. (AC +1, Slay +1)
A meltable shield of frost defends you. (SH +4)
Spells you cast may paralyse adjacent enemies.
You are strong-willed. (Will+)
You are somewhat resistant to further mutation.


Message History

r - a scroll of fear The wight closely misses you.
As you read the scroll labelled SIOHIO DILEO, it crumbles to dust.
The creatures around you are filled with an inner flame!
It was a scroll of immolation.
The wight closely misses you.
You hit the wight.
Flame seeps out of the wight.
The wight is moderately damaged.
The wight hits you with a +0 flail!
* * * LOW HITPOINT WARNING * * *
You feel drained.
You aren't carrying any potions.
You aren't carrying any potions.
You hit the wight but do no damage.
The wight is moderately damaged.
The wight hits you but does no damage.
You hit the wight but do no damage.
The wight is moderately damaged.
The wight hits you with a +0 flail.
* * * LOW HITPOINT WARNING * * *
You feel drained.
* * * LOW HITPOINT WARNING * * *
You hit the wight but do no damage.
The wight is moderately damaged.
You hit the wight.
Flame seeps out of the wight.
The wight is moderately damaged.
The wight misses you.
You hit the wight but do no damage.
The wight is moderately damaged.
The wight hits you but does no damage.
You hit the wight.
Flame seeps out of the wight.
The wight is moderately damaged.
The wight hits you with a +0 flail.
* * * LOW HITPOINT WARNING * * *
You feel drained.
You hit the wight but do no damage.
The wight is moderately damaged.
You hit the wight.
Flame seeps out of the wight.
The wight is heavily damaged.
The wight hits you with a +0 flail!
You die...

#.# #..## ##.###.###.....<..# #.#
#.## ####.##.############ #.#
##.#####.###.#######
#.#####.###.####.#######
#........#.#####.#######
#########.######.#######
################§#######
.........#######§#######
.#######.#######@#######
.###.###.#######z#######
.##.#.....<...##z################
.###.#........#...#######.......#
.# #.#.#.####......######.#####.#
.###.......>..................#.#
.........#..###......####.###.#.#
######.###..###......####.# #.#.#
#.###..###......# #.###>#.#


You could see 2 wights.

Vanquished Creatures
  2 bullfrogs (Sewer)
  Jessica (D:2)
  5 adders
  8 dart slugs
  4 ribbon worms
  3 orcs
  An endoplasm (D:1)
  9 giant cockroaches
  4 goblins
  7 hobgoblins
  4 jackals (D:1)
  5 quokkas
  8 ball pythons
  6 bats
  14 frilled lizards
  6 kobolds
  6 rats
93 creatures vanquished.

Notes
Turn   | Place    | Note
-------+----------+-------------------------------------------
     0 | D:1      | PidgeyThePirate the Demonspawn Monk began the quest for the
                  | Orb.
     0 | D:1      | Reached XP level 1. HP: 18/18 MP: 1/1
    84 | D:1      | Gained mutation: You are partially covered in razor-sharp
                  | scales. (AC +1, Slay +1) [demonic ancestry]
    84 | D:1      | Reached XP level 2. HP: 4/24 MP: 2/2
   360 | D:1      | Reached skill level 3 in Short Blades
   951 | D:2      | Reached XP level 3. HP: 24/29 MP: 3/3
  1196 | D:2      | Noticed Jessica
  1205 | D:2      | Killed Jessica
  1206 | D:2      | Gained mutation: A meltable shield of frost defends you.
                  | (SH +4) [demonic ancestry]
  1206 | D:2      | Reached XP level 4. HP: 29/35 MP: 4/4
  1348 | D:2      | Reached skill level 1 in Armour
  2460 | D:4      | Found a glowing drain.
  2464 | Sewer    | Entered a sewer
  2561 | Sewer    | Gained mutation: Spells you cast may paralyse adjacent
                  | enemies. [demonic ancestry]
  2561 | Sewer    | Reached XP level 5. HP: 37/41 MP: 5/5
  2639 | Sewer    | Reached skill level 4 in Short Blades
  2705 | Sewer    | Reached skill level 1 in Invocations
  2780 | Sewer    | Gained mutation: You are strong-willed. (Will+) [potion of
                  | mutation]
  2780 | Sewer    | Gained mutation: You are somewhat resistant to further
                  | mutation. [potion of mutation]
  2788 | Sewer    | Gained mutation: A meltable icy envelope protects you from
                  | harm. (AC +4) [demonic ancestry]
  2788 | Sewer    | Reached XP level 6. HP: 12/48 MP: 5/7
  3368 | D:3      | HP: 1/36 [wight/+0 flail (3)]
  3370 | D:3      | Mangled by a wight

Illustrated notes

Levels and vault maps discovered:
D:1:      saegor_arrival_miasma, layout_basic, serial_co_window_serial,
          co_window_corner_a, co_window_of_opportunity_a, co_window_corner_a,
          co_window_paths_a, co_window_paths_b, co_window_corner_b,
          co_window_unsneaky_path_d, co_window_broadway_a, glass_columns_b
D:2:      layout_rooms, serial_glass, glass_columns_a, glass_columns_a,
          glass_columns_c, glass_columns_a, glass_columns_a, uniq_jessica
D:3:      layout_loops_corners, fountainhead
D:4:      layout_cave_pods, good_gods_mini_temple, trog_wizard,
          gup_sewer_entry_bowl, minmay_goblin_outpost

Skill      XL: |  1  2  3  4  5 |
---------------+----------------+-----
Short Blades   | 3 4 |  4.5
Dodging        | 3 |  3.7
Armour         | 1 2 |  2.0
Invocations    | 2 |  2.1
Fighting       | |  3.7

Action                     |  1- 3 |  4- 6 || total
---------------------------+-------+-------++-------
  Melee: Short sword       |   140 |   253 ||   393
    Use: Potion            |       |     8 ||     8
         Scroll            |       |     6 ||     6
 Armour: Robe              |    20 |       ||    20
         Ring mail         |    78 |   166 ||   244
  Dodge: Dodged            |   114 |   180 ||   294

Table legend: (Time is in decaauts)
 A = Elapsed time spent in this place.
 B = Non-inter-level travel time spent in this place.
 C = Inter-level travel time spent in this place.
 D = Time resting spent in this place.
 E = Time spent auto-exploring this place.
 F = Levels seen in this place.
 G = Mean time per level.
                   A        B        C        D        E       F      G
               +--------+--------+--------+--------+--------+-----+--------+
         Total |   3454 |   3414 |     40 |      0 |   2233 |   5 |  690.8 |
       Dungeon |   2518 |   2478 |     40 |      0 |   1820 |   4 |  629.5 |
         Sewer |    935 |    935 |      0 |      0 |    412 |   1 |  935.0 |
               +--------+--------+--------+--------+--------+-----+--------+

Top non-repeatable levels by time:
     D:3: 975 daAuts
   Sewer: 935 daAuts
     D:1: 932 daAuts
     D:2: 506 daAuts
     D:4: 104 daAuts
